Map: Orbital Shipyard

Players

SticklerMac - Winner!

  • Race: Zerg Zerg
  • League: Bronze

InSiGhT

  • Race: Zerg Zerg
  • League: Bronze

VOD

Have the link to the VOD?

Description

Time

  • Played on: Aug. 10, 2015, 7:10 p.m.
  • Length: 3:33
Show
View Real Time Build Order
Export as new Build Order

SticklerMac Zerg - Winner!

Build Orders: Pool Only 

Get SALT Encoding   

  12  0:01  Drone  
  13  0:08  Drone  
  14  0:27  Spawning Pool  
  13  0:31  Drone  
  14  0:39  Overlord  
  14  0:41  Extractor  
  13  0:45  Drone  
  14  0:56  Drone  
  14  1:05  Drone  
  14  1:06  Drone  
  16  1:14  Queen  
  16  1:17  Zergling x2  
  19  1:28  Zergling x2  
  20  1:38  Overlord  
  20  1:43  Metabolic Boost  
  20  1:53  Drone  
  21  2:00  Zergling x2  
  22  2:16  Zergling x2  
  23  2:25  Zergling x4  
  23  2:26  Zergling x6  
  28  2:37  Zergling x2  
  29  2:52  Baneling Nest, Zergling x2  
  29  2:59  Zergling x2  
  29  3:10  Overlord x3  
Show
View Real Time Build Order
Export as new Build Order

InSiGhT Zerg 

Build Orders: Hatch First 

Get SALT Encoding   

  12  0:30  Hatchery  
  11  0:36  Drone  
  11  0:37  Drone  
  13  0:44  Drone  
  14  1:11  Overlord  
  14  1:13  Extractor  
  14  1:14  Drone  
  14  1:17  Drone, Extractor  
  14  1:23  Spawning Pool  
  15  1:36  Drone x2  
  17  1:46  Drone  
  18  2:01  Drone  
  18  2:02  Drone  
  20  2:11  Queen  
  20  2:15  Zergling x4  
  23  2:26  Drone  
  24  2:33  Extractor  
  24  2:35  Extractor  
  22  2:58  Zergling x6  
  25  3:08  Zergling x6  
  28  3:16  Spine Crawler  
Tags
 
Add a new tag
Caveats
  • Supply blocks, unpowered buildings, or Contaminate may cause inaccurate times.
  • Supply counts are checked every 10 seconds.